 Dungeon Crawl Stone Soup version 0.27-a0-1301-g128193abf8 (webtiles) character file.

Game seed: 360933203148721320

20 flotson the Sneak (level 2, -5/24 HPs)
             Began as a Demonspawn Delver on June 17, 2021.
             Slain by a gnoll (9 damage)
             ... on level 4 of the Dungeon.
             The game lasted 00:01:29 (208 turns).

flotson the Sneak (Demonspawn Delver)                Turns: 208, Time: 00:01:30

Health: -5/24      AC:  3    Str: 12    XL:     2   Next: 58%
Magic:  2/2        EV: 12    Int: 11    God:
Gold:   5          SH:  4    Dex: 14    Spells: 1/1 levels left

rFire    . . .     SeeInvis .   a - +0 hand axe
rCold    . . .     Faith    .   (no shield)
rNeg     . . .     Spirit   .   b - +0 leather armour
rPois    .         Reflect  .   (no helmet)
rElec    .         Harm     .   (no cloak)
rCorr    .         Rampage  .   (no gloves)
Will     .....                  (no boots)
Stlth    ++........             (no amulet)
HPRegen  0.08/turn              (no ring)
MPRegen  0.08/turn              (no ring)

@: hasted, very quick
A: condensation shield
a: no special abilities


You were on level 4 of the Dungeon.
You visited 1 branch of the dungeon, and saw 2 of its levels.

You collected 5 gold pieces.

Inventory:

Hand Weapons
 a - a +0 hand axe (weapon)
Armour
 b - a +0 leather armour (worn)
Wands
 d - a wand of charming (8)
 g - a wand of digging (2)
Scrolls
 c - a scroll of fog
 e - a scroll of fear


   Skills:
 + Level 3.2 Fighting
 + Level 2.0 Axes
 + Level 0.7 Armour
 + Level 2.0 Dodging
 - Level 4.5 Stealth
 + Level 0.7 Evocations


You had one spell level left.
You didn't know any spells.
Your spell library was empty.

Dungeon Overview and Level Annotations

Branches:
Dungeon (5/15)
 Temple: D:4-7

Altars:

Shops:
D:4 !:(


Innate Abilities, Weirdness & Mutations

A meltable shield of frost defends you. (SH +4)


Message History

3 gnolls come into view.
The gnoll shouts! x2
You feel yourself speed up. The gnoll misses you.
You hit the gnoll.
The gnoll is moderately wounded.
The gnoll barely misses you.
You hit the gnoll.
The gnoll is heavily wounded.
The gnoll closely misses you.
You hit the gnoll.
The gnoll is almost dead.
The gnoll barely misses you.
You hit the gnoll.
You kill the gnoll!
A giant cockroach comes into view.
Your Axes skill increases to level 2!
Your Dodging skill increases to level 2!
You have reached level 2!
Your demonic ancestry asserts itself...
Frost condenses into a shield before you.
You hit the gnoll.
The gnoll is heavily wounded.
You hit the gnoll.
The gnoll is severely wounded.
The gnoll hits you with a +0 flail!
You hit the gnoll.
You kill the gnoll!
You hit the gnoll.
The gnoll is moderately wounded.
The gnoll hits you with a +0 flail.
You hit the gnoll.
The gnoll is moderately wounded.
The gnoll hits you with a +0 flail!
* * * LOW HITPOINT WARNING * * *
You hit the gnoll but do no damage.
The gnoll is moderately wounded.
You hit the gnoll.
The gnoll is severely wounded.
The gnoll hits you with a +0 flail!
You die...

******,,,,* *,*
*∩≈≈≈≈,*#.# *,*
###### *≈≈≈≈,,*#.#
*,* #.....
*≈≈≈,,,*#.# *,*
#.#.## *≈≈≈,,**#.#
*,* #.#.#. *≈≈,,,*
#.# #,* #.#..#
******* #B#
#.#####>#.## #g#
#...........
#@########......##
#..........##.####
#############.# #
#.# * #.# * #.#***
#..,,, ###***


You could see a gnoll and a giant cockroach.

Vanquished Creatures
  2 gnolls (D:4)
  A ball python (D:4)
3 creatures vanquished.

Notes
Turn   | Place    | Note
-------+----------+-------------------------------------------
     0 | D:5      | flotson the Demonspawn Delver began the quest for the Orb.
     0 | D:5      | Reached XP level 1. HP: 18/18 MP: 1/1
    93 | D:4      | Found Coclenet's Distillery.
   125 | D:4      | Found Tamush's Book Emporium.
   128 | D:4      | Noticed a lemure
   160 | D:4      | Found Waiq's Weapon Shop.
   202 | D:4      | Gained mutation: A meltable shield of frost defends you.
                  | (SH +4) [demonic ancestry]
   202 | D:4      | Reached XP level 2. HP: 24/24 MP: 2/2
   208 | D:4      | Slain by a gnoll

Illustrated notes

Levels and vault maps discovered:
D:4:      layout_loops_ring, serial_forest, infiniplex_forest_clump_C,
          infiniplex_forest_clump_tiny, infiniplex_forest_clump_small,
          infiniplex_forest_clump_tiny, infiniplex_forest_end_double,
          infiniplex_forest_end_double, infiniplex_forest_clump_tiny,
          infiniplex_forest_straight_4, serial_shops, nicolae_lakefront_shop,
          nicolae_shop_temple_entry_statues_fountains, shop,
          nicolae_shop_window_shopping, shop, portal_sewer_entry_b, uniq_pikel
D:5:      layout_loops_corners, nicolae_qazlal_eye_of_the_storm,
          amcnicky_altar_gilded, nicolae_take_the_stairs, supply_closet_lemuel

Skill      XL: |  1 |
---------------+----+-----
Axes           | 2 |  2.0
Dodging        | 2 |  2.0
Fighting       | |  3.2
Armour         | |  0.7
Stealth        | |  4.5
Evocations     | |  0.7

Action                   || total
-------------------------++-------
Melee: Hand axe          ||    13
Evoke: Wand              ||     1
  Use: Scroll            ||     1
       Potion            ||     1
Dodge: Dodged            ||     5

Table legend: (Time is in decaauts)
 A = Elapsed time spent in this place.
 B = Non-inter-level travel time spent in this place.
 C = Inter-level travel time spent in this place.
 D = Time resting spent in this place.
 E = Time spent auto-exploring this place.
 F = Levels seen in this place.
 G = Mean time per level.
                   A        B        C        D        E       F      G
               +--------+--------+--------+--------+--------+-----+--------+
         Total |    206 |    206 |      0 |      0 |     68 |   2 |  103.0 |
       Dungeon |    206 |    206 |      0 |      0 |     68 |   2 |  103.0 |
               +--------+--------+--------+--------+--------+-----+--------+

Top non-repeatable levels by time:
     D:4: 129 daAuts
     D:5: 77 daAuts
